 Dungeon Crawl Stone Soup version 0.31.0-32-g396128a36d (webtiles) character file.

Game seed: 13148342644018966585

777 TacoSundae the Ruffian (level 7, -15/32 HPs)
             Began as a Vine Stalker Shapeshifter on Apr 9, 2024.
             Demolished by an orc
             ... wielding a +4 whip of electrocution
              (17 damage)
             ... on level 5 of the Dungeon on Apr 10, 2024.
             The game lasted 00:09:08 (3132 turns).

TacoSundae the Ruffian (Vine Stalker Shapeshifter)  Turns: 3132, Time: 00:09:09

Health: -15/32     AC:  4    Str: 18    XL:     7   Next: 84%
Magic:  0/8        EV: 11    Int: 10    God:
Gold:   267        SH:  0    Dex: 14    Spells: 6/6 levels left

rFire   . .          .
                       - Unarmed
rCold   + . .        (no shield)
rNeg    + . .        g - +1 leather armour
rPois   .            (helmet currently unavailable)
rElec   .            (cloak currently unavailable)
rCorr   .            (gloves currently unavailable)
SInv    .            (boots currently unavailable)
Will    .....        (no amulet)
Stlth   +            i - ring of positive energy
HPRegen 1.05/turn    t - ring of protection from cold
MPRegen 0.11/turn

%: guardian spirit
@: beast-form
A: beast (slay +3), fangs 2, regeneration 1, magic shield, antimagic bite, no
potion heal 2
a: Begin Untransformation


You were on level 5 of the Dungeon.
You were a hulking beast.
You visited 2 branches of the dungeon, and saw 6 of its levels.

You collected 267 gold pieces.

Inventory:

Missiles
 a - 11 poisoned darts (quivered)
 j - a throwing net
 u - 4 curare-tipped darts
Armour
 e - a +0 cloak
 g - a +1 leather armour (worn)
Jewellery
 i - a ring of positive energy (left hand)
 k - an amulet of the acrobat
 t - a ring of protection from cold (right hand)
Talismans
 c - a beast talisman
 d - a flux talisman
 l - a dragon-blood talisman
Scrolls
 f - a scroll of blinking {unknown}
 n - 3 scrolls of enchant weapon
 o - 3 scrolls of teleportation
Potions
 b - a potion of attraction
 h - a potion of might
 r - 2 potions of mutation
 s - a potion of enlightenment {unknown}
 w - a potion of degeneration {unknown}


   Skills:
 - Level 0.8 Fighting
 - Level 1.5 Dodging
 + Level 6.7 Unarmed Combat
 + Level 6.2 Shapeshifting


You had 6 spell levels left.
You didn't know any spells.
Your spell library contained the following spells:

 Spells                   Type           Power      Damage    Failure   Level
 Apportation              Tloc           0%         N/A       41%         1
 Necrotise                Necr           0%         1d4       41%         1
 Sting                    Conj/Alch      0%         1d3       41%         1
 Summon Small Mammal      Summ           0%         N/A       41%         1
 Fugue of the Fallen      Necr           0%         N/A       80%         3
 Inner Flame              Hex/Fire       0%         N/A       80%         3
 Ozocubu's Armour         Ice            0%         N/A       80%         3
 Manifold Assault         Tloc           0%         N/A       99%         4
 Irradiate                Conj/Alch      0%         3d11      100%        5
 Ignition                 Fire           0%         3d3       100%        8


Dungeon Overview and Level Annotations

Branches:
Dungeon (5/15)             Temple (1/1) D:5

Altars:
Ashenzari
Elyvilon
Fedhas
Hepliaklqana
Kikubaaqudgha
Makhleb
Nemelex Xobeh
Okawaru
Ru
Sif Muna
Uskayaw
Wu Jian
Xom
Yredelemnul
Zin
The Shining One


Innate Abilities, Weirdness & Mutations

You are a hulking beast.
Your limbs bulge with bestial killing power. (Slay +3)
You have extremely sharp teeth.
Your natural rate of healing is unusually fast.
When hurt, damage is shared between your health and your magic reserves.
Your bite disrupts and absorbs the magic of your enemies.
Potions cannot restore your health.


Message History

The centaur is severely wounded.
The centaur hits you.
* * * LOW HITPOINT WARNING * * *
The centaur kicks you but does no damage.
You closely miss the centaur.
The centaur is severely wounded.
The centaur closely misses you. The centaur misses you.
You hit the centaur.
The centaur is almost dead.
The centaur hits you.
* * * LOW HITPOINT WARNING * * *
The centaur kicks you.
* * * LOW HITPOINT WARNING * * *
You hit the centaur but do no damage.
The centaur is almost dead.
The centaur misses you.
The centaur kicks you but does no damage.
The centaur misses you. The centaur closely misses you.
You barely miss the centaur.
The centaur is almost dead.
The centaur hits you but does no damage.
The centaur barely misses you.
You hit the centaur. Your bite misses the centaur.
The centaur is almost dead.
The centaur barely misses you. The centaur kicks you.
* * * LOW HITPOINT WARNING * * *
You hit the centaur but do no damage. Your bite misses the centaur.
The centaur is almost dead.
The centaur hits you.
* * * LOW HITPOINT WARNING * * *
The centaur barely misses you. The centaur closely misses you.
The centaur barely misses you.
You hit the centaur.
You kill the centaur!
The orc attacks as it pursues you!
The orc hits you with a +4 whip of electrocution.
* * * LOW HITPOINT WARNING * * *
You are electrocuted!!
Ouch! That really hurt!
You die...

#### .###. #.. .....
#... ... #.. ### ...
#.. ..... #.# #.##.#
#.# #$# #.#.# #.###.#
###..# #.##o#####
#....# #...h....###
#.#..## ##.#.........
#.#.#.## ##.##..≈≈≈.$##
##.#.##.###.†.#†≈≈≈≈≈.#
...#.###...##...≈≈_≈≈.#
####.# #######..≈≈.≈≈^#
.....# #..≈≈.≈≈.#
###### #..≈≈.≈≈.#
##.≈...≈.#


You could see an orc.

Vanquished Creatures
  A water moccasin (D:4)
  A centaur (D:5)
  A scorpion (D:4)
  3 bombardier beetles
  A jelly (D:4)
  2 orc priests
  2 hounds (D:5)
  An iguana (D:4)
  3 sleepcaps
  2 orc wizards
  3 adders
  A dart slug (D:3)
  A ribbon worm (D:3)
  15 orcs
  7 ball pythons
  7 bats
  10 endoplasms
  2 giant cockroaches
  6 goblins
  4 hobgoblins
  4 jackals (D:4)
  3 quokkas
  3 frilled lizards
  5 kobolds
  20 rats
108 creatures vanquished.

Notes
Turn   | Place    | Note
-------+----------+-------------------------------------------
     0 | D:1      | TacoSundae the Vine Stalker Shapeshifter began the quest
                  | for the Orb.
     0 | D:1      | Reached XP level 1. HP: 9/9 MP: 2/2
   117 | D:1      | Reached XP level 2. HP: 14/14 MP: 3/3
   482 | D:2      | Reached XP level 3. HP: 15/17 MP: 4/4
  1020 | D:3      | Reached XP level 4. HP: 21/21 MP: 5/5
  1065 | D:3      | Found the +12 glaive of Prune {freeze, Prune}
  1158 | D:3      | Reached XP level 5. HP: 25/25 MP: 6/6
  1786 | D:4      | Reached skill level 5 in Unarmed Combat
  1837 | D:4      | Found a white marble altar of Elyvilon.
  1843 | D:4      | Found an iron altar of Okawaru.
  1847 | D:4      | Found a glowing golden altar of the Shining One.
  1940 | D:4      | Reached XP level 6. HP: 29/29 MP: 7/7
  2242 | D:4      | Reached skill level 5 in Shapeshifting
  2353 | D:4      | Noticed a water moccasin
  2366 | D:4      | Killed a water moccasin
  2367 | D:4      | Reached XP level 7. HP: 32/32 MP: 8/8
  2755 | D:5      | Entered Level 5 of the Dungeon
  2821 | D:5      | Found a staircase to the Ecumenical Temple.
  2857 | Temple   | Entered the Ecumenical Temple
  2922 | D:5      | Identified the +1 chain mail of Good Intentions {Fly
                  | Slay+3}
  3089 | D:5      | Found an ornate altar of the Wu Jian Council.
  3132 | D:5      | Demolished by an orc

Illustrated notes

Levels and vault maps discovered:
D:1:      amcnicky_arrival_single_pillar, layout_rooms, minmay_ruptured
D:2:      layout_rooms, grunt_decor_arrowhead
D:3:      layout_loops_ring, roderic_serpentine_path, minmay_rat_hole
D:4:      minmay_chambers_of_twos, layout_loops_ring,
          grunt_temple_overflow_diamond
D:5:      layout_loops_ring, mainiacjoe_overflow_catwalk,
          minmay_temple_entry_mini_moons
Temple:   nicolae_temple_godzebo

Skill      XL: |  1  2  3  4  5  6  7 |
---------------+----------------------+-----
Unarmed Combat | 4 5 6 |  6.7
Shapeshifting  | 4 5 6 |  6.2
Fighting       | |  0.8
Dodging        | |  1.5

Action                     |  1- 3 |  4- 6 |  7- 9 || total
---------------------------+-------+-------+-------++-------
  Melee: Unarmed           |    78 |   137 |    44 ||   259
         Bite              |    18 |    28 |    13 ||    59
         Punch             |     2 |     5 |     3 ||    10
  Throw: Dart              |       |     1 |       ||     1
    Use: Potion            |       |     1 |       ||     1
         Scroll            |       |       |    11 ||    11
   Stab: Distracted        |     1 |       |       ||     1
         Sleeping          |       |     3 |     1 ||     4
 Armour: Animal skin       |     7 |       |       ||     7
         Leather armour    |    30 |    44 |    32 ||   106
         Skin              |       |    11 |       ||    11
  Dodge: Dodged            |    46 |    37 |    25 ||   108
